[Event "ENG-ch Women 2019"]
[Site "Hull"]
[Date "2019.09.01"]
[Round "5.8"]
[White "Sheikh, Anum"]
[Black "Sengenberger, Sara"]
[Result "1/2-1/2"]
[ECO "B34"]
[WhiteElo "1693"]
[BlackElo "1570"]
[Annotator "NA"]
[PlyCount "94"]
[EventDate "2019.08.30"]
[EventType "swiss"]
[EventCountry "ENG"]
[SourceTitle "playchess.com"]
[Source "ChessBase"]
[SourceQuality "1"]
[TimeControl "5400+30"]

1. e4 c5 2. Nf3 g6 3. d4 cxd4 4. Nxd4 Nc6 5. Nc3 Bg7 6. Nb3 Nf6 7. Be2 O-O 8. O-O e6 9. Bf3 Ne5 10. Bg5 h6 11. Be3 Nc4 12. Bc1 Rb8 13. a4 b6 14. Re1 a6 15. Be2 d5 16. exd5 exd5 17. Nxd5 Nxb2 18. Bxb2 Qxd5 19. Bf3 Qxd1 20. Raxd1 Bb7 21. Bxb7 Rxb7 22. Rd6 Re8 23. Red1 Rd7 24. f3 Re1+ 25. Rxe1 Rxd6 26. c4 Rc6 27. Rc1 Nd7 28. Bxg7 Kxg7 29. a5 b5 30. cxb5 Rxc1+ 31. Nxc1 axb5 32. Nd3 Kf6 33. Kf2 Ke6 34. Ke3 Kd5 35. f4 f6 36. Nb2 Kc5 37. f5 g5 38. Ke4 Nb8 39. Nd3+ Kc4 40. Nb2+ Kb4 41. Kd5 Kxa5 42. Ke6 Nc6 43. Kxf6 Kb4 44. g4 Kc3 45. Nd1+ Kd2 46. Nf2 Ke3 47. Nd1+ Ke4 {[%emt 0:09:39] Ke5+} 1/2-1/2

[Event "ENG-ch Women 2019"]
[Site "Hull"]
[Date "2019.09.01"]
[Round "5.9"]
[White "Kumaar, Sai Chinmayee N"]
[Black "Milewska, Agnieszka"]
[Result "1/2-1/2"]
[ECO "D02"]
[WhiteElo "1622"]
[BlackElo "1660"]
[Annotator "NA"]
[PlyCount "74"]
[EventDate "2019.08.30"]
[EventType "swiss"]
[EventCountry "ENG"]
[SourceTitle "playchess.com"]
[Source "ChessBase"]
[SourceQuality "1"]
[TimeControl "5400+30"]

1. d4 d5 2. Nf3 Nf6 3. Bf4 Bf5 4. e3 e6 5. c3 c5 6. Nbd2 Nbd7 7. Be2 cxd4 8. cxd4 Bb4 9. O-O O-O 10. Rc1 Bxd2 11. Nxd2 Rc8 12. Qb3 Qb6 13. Qxb6 Nxb6 14. b3 h6 15. h3 g5 16. Bh2 a6 17. Bd6 Rfe8 18. Rfe1 Ne4 19. Nxe4 Bxe4 20. Red1 Rxc1 21. Rxc1 Rc8 22. Rxc8+ Nxc8 23. Be5 Ne7 24. a3 Bc2 25. b4 b5 26. Kf1 Bb3 27. Ke1 Bc4 28. Kd2 Nc6 29. Bc7 Bxe2 30. Kxe2 Kg7 31. Kd3 f5 32. f3 h5 33. g3 g4 34. hxg4 fxg4 35. fxg4 hxg4 36. e4 Kg6 37. Bb6 Kf6 1/2-1/2

[Event "ENG-ch Women 2019"]
[Site "Hull"]
[Date "2019.09.01"]
[Round "5.10"]
[White "Maladkar, Lavanya"]
[Black "Jaufarally, Zahra"]
[Result "1-0"]
[ECO "E90"]
[WhiteElo "1647"]
[BlackElo "1371"]
[Annotator "NA"]
[PlyCount "67"]
[EventDate "2019.08.30"]
[EventType "swiss"]
[EventCountry "ENG"]
[SourceTitle "playchess.com"]
[Source "ChessBase"]
[SourceQuality "1"]
[TimeControl "5400+30"]

1. d4 Nf6 2. c4 g6 3. Nc3 Bg7 4. e4 d6 5. Nf3 O-O 6. h3 Nbd7 7. Be3 b6 8. Bd3 Bb7 9. O-O Re8 10. Re1 e5 11. d5 c6 12. Rc1 Rc8 13. Qd2 cxd5 14. cxd5 Nc5 15. b4 Nxd3 16. Qxd3 a5 17. b5 Nd7 18. Nd2 Rf8 19. Nc4 Nc5 20. Bxc5 Rxc5 21. Na4 Rxb5 22. Nxd6 Rxd5 23. exd5 Qxd6 24. Red1 Rd8 25. Qb5 Rb8 26. Qxb6 Qxb6 27. Nxb6 Bh6 28. Rc7 Ba6 29. Nd7 Rb2 30. d6 Re2 31. Nf6+ Kf8 32. d7 Re1+ 33. Rxe1 Ke7 34. Rxe5+ 1-0

[Event "ENG-ch Women 2019"]
[Site "Hull"]
[Date "2019.09.01"]
[Round "5.11"]
[White "Headlong, Georgia"]
[Black "Boztas, Lana"]
[Result "1-0"]
[ECO "B25"]
[WhiteElo "1482"]
[BlackElo "1475"]
[Annotator "NA"]
[PlyCount "107"]
[EventDate "2019.08.30"]
[EventType "swiss"]
[EventCountry "ENG"]
[SourceTitle "playchess.com"]
[Source "ChessBase"]
[SourceQuality "1"]
[TimeControl "5400+30"]

1. e4 c5 2. Nc3 Nc6 3. g3 g6 4. Bg2 Bg7 5. d3 d6 6. Be3 Nf6 7. h3 O-O 8. Nge2 Bd7 9. O-O Qc8 10. g4 h5 11. f3 hxg4 12. hxg4 Ne5 13. Qd2 Bxg4 14. fxg4 Nexg4 15. Bg5 Re8 16. Bh3 Qc7 17. Qf4 Ne5 18. Nd5 Nxd5 19. exd5 b5 20. d4 cxd4 21. Nxd4 Qc5 22. Bg2 Rac8 23. Kh1 Rc7 24. c3 Rf8 25. Nc6 Nxc6 26. dxc6 Be5 27. Qf2 Qxf2 28. Rxf2 Kg7 29. Bf4 Rh8+ 30. Kg1 Rh5 31. Raf1 f6 32. Re2 Kf8 33. Bxe5 dxe5 34. Rd1 Rg5 35. Kf1 Rf5+ 36. Ke1 Ke8 37. Red2 Rf4 38. Rd8+ Kf7 39. R1d7 Rxd7 40. Rxd7 Ke8 41. Rxa7 Rc4 42. Kd2 e4 43. Bf1 Rc5 44. a4 bxa4 45. Rxa4 Kd8 46. Ra6 Kc7 47. Bg2 f5 48. Ke3 e5 49. Ra7+ Kb6 50. Rb7+ Kxc6 51. Rg7 Rd5 52. Rxg6+ Kc5 53. Bf1 Rd1 54. b4+ 1-0

[Event "ENG-ch Women 2019"]
[Site "Hull"]
[Date "2019.09.01"]
[Round "5.12"]
[White "Gamal, Alaa"]
[Black "Jayawarna, Thisumi"]
[Result "1-0"]
[ECO "A45"]
[WhiteElo "1762"]
[BlackElo "1125"]
[Annotator "NA"]
[PlyCount "157"]
[EventDate "2019.08.30"]
[EventType "swiss"]
[EventCountry "ENG"]
[SourceTitle "playchess.com"]
[Source "ChessBase"]
[SourceQuality "1"]
[TimeControl "5400+30"]

1. d4 Nf6 2. g3 c5 3. dxc5 Qa5+ 4. Bd2 Qxc5 5. Bg2 g6 6. e3 Bg7 7. Bc3 d6 8. Ne2 Qc7 9. O-O Bd7 10. Nd2 Bc6 11. e4 Nbd7 12. Nd4 Ne5 13. Nxc6 Nxc6 14. Re1 O-O 15. Nf3 Rad8 16. Qe2 e6 17. e5 dxe5 18. Nxe5 Nxe5 19. Bxe5 Qe7 20. Rad1 Rfe8 21. Qb5 b6 22. Bc6 Rf8 23. b4 Rxd1 24. Rxd1 Rd8 25. Qe2 Rxd1+ 26. Qxd1 Nh5 27. Bb8 Qxb4 28. Bxa7 Bd4 29. Bf3 Qc5 30. Qd2 Qe5 31. Qb4 Nxg3 32. Bxb6 Bxb6 33. Qxb6 Ne2+ 34. Bxe2 Qxe2 35. Qd8+ Kg7 36. Qd3 Qg4+ 37. Kh1 Qa4 38. a3 Qc6+ 39. f3 Qb6 40. c4 Qf2 41. Qd1 Qe3 42. a4 Qc3 43. Qe2 Qb4 44. Qe5+ Kg8 45. Qb5 Qe1+ 46. Kg2 Qe2+ 47. Kg3 Qe1+ 48. Kf4 Qd2+ 49. Ke5 Qe3+ 50. Kd6 Qf4+ 51. Kd7 Qd4+ 52. Kc6 Qd8 53. Qb7 Qe8+ 54. Qd7 Qa8+ 55. Kb6 Qb8+ 56. Qb7 Qd8+ 57. Kb5 Qe8+ 58. Kb4 Qf8+ 59. c5 Qd8 60. c6 Qd4+ 61. Kb5 Qd5+ 62. Ka6 Qc4+ 63. Qb5 Qf4 64. Kb7 Qxf3 65. Kb8 Qf4+ 66. c7 Qd6 67. a5 Kf8 68. a6 Ke7 69. a7 Qxh2 70. a8=Q Qd6 71. Qac6 Qf4 72. Kb7 Qxc7+ 73. Qxc7+ Kf6 74. Qb2+ Kf5 75. Qxf7+ Kg5 76. Qd2+ Kh5 77. Qdf4 h6 78. Qg3 e5 79. Qfxg6# 1-0

[Event "ENG-ch Women 2019"]
[Site "Hull"]
[Date "2019.09.01"]
[Round "5.13"]
[White "Maladkar, Ritika"]
[Black "Anika Rachna Roy"]
[Result "1-0"]
[ECO "A10"]
[WhiteElo "1561"]
[BlackElo "1380"]
[Annotator "NA"]
[PlyCount "53"]
[EventDate "2019.08.30"]
[EventType "swiss"]
[EventCountry "ENG"]
[SourceTitle "playchess.com"]
[Source "ChessBase"]
[SourceQuality "1"]
[TimeControl "5400+30"]

1. c4 b6 2. Nc3 Bb7 3. e4 e6 4. Nf3 Nc6 5. g3 g6 6. Bg2 Bg7 7. O-O Nge7 8. d3 O-O 9. Be3 e5 10. d4 exd4 11. Nxd4 Ne5 12. b3 f5 13. Rc1 d6 14. Ne6 Qd7 15. Nxf8 Rxf8 16. f4 Ng4 17. Bd4 Nf6 18. Re1 Ne8 19. b4 Nc6 20. Bxg7 Nxg7 21. e5 Kh8 22. b5 Nxe5 23. Rxe5 Bxg2 24. Kxg2 Qf7 25. Rd5 Ne6 26. Qf3 Nc5 27. Re1 1-0

[Event "ENG-ch Women 2019"]
[Site "Hull"]
[Date "2019.09.01"]
[Round "5.14"]
[White "Jayawarna, Tarini"]
[Black "Pettit, Felicity Ol"]
[Result "1-0"]
[ECO "B19"]
[WhiteElo "1337"]
[BlackElo "1233"]
[Annotator "NA"]
[PlyCount "51"]
[EventDate "2019.08.30"]
[EventType "swiss"]
[EventCountry "ENG"]
[SourceTitle "playchess.com"]
[Source "ChessBase"]
[SourceQuality "1"]
[TimeControl "5400+30"]

1. e4 c6 2. d4 d5 3. Nc3 dxe4 4. Nxe4 Bf5 5. Ng3 Bg6 6. h4 h6 7. h5 Bh7 8. Nf3 Nd7 9. Bd3 Bxd3 10. Qxd3 Ngf6 11. Bd2 e6 12. O-O-O Bd6 13. Ne4 Nxe4 14. Qxe4 O-O 15. Kb1 Qb6 16. g4 Nf6 17. Qe2 Nxg4 18. Rdg1 Nf6 19. Bxh6 Be7 20. Bxg7 Kh7 21. Qd3+ Ne4 22. Qxe4+ f5 23. Qxe6 Rfe8 24. Qg6+ Kg8 25. Bh6+ Kh8 26. Qg7# {[%emt 0:00:06] Kg8} 1-0

[Event "ENG-ch Women 2019"]
[Site "Hull"]
[Date "2019.09.01"]
[Round "5.15"]
[White "Chaban, Roxolana"]
[Black "Cakova, Monika"]
[Result "1-0"]
[ECO "B00"]
[WhiteElo "1281"]
[BlackElo "1150"]
[Annotator "NA"]
[PlyCount "81"]
[EventDate "2019.08.30"]
[EventType "swiss"]
[EventCountry "ENG"]
[SourceTitle "playchess.com"]
[Source "ChessBase"]
[SourceQuality "1"]
[TimeControl "5400+30"]

1. e4 b6 2. d4 Bb7 3. Bd3 e6 4. Nf3 c5 5. O-O Nf6 6. Nc3 Nc6 7. d5 Nd4 8. dxe6 Nxe6 9. b3 Be7 10. Bb2 O-O 11. Re1 Qc7 12. Nb5 Qb8 13. c4 a6 14. Nc3 Nf4 15. Bc2 Ng4 16. h3 Ne5 17. Na4 Nxf3+ 18. Qxf3 b5 19. Nb6 Qd6 20. Nxa8 Bxa8 21. Rad1 Qc7 22. cxb5 axb5 23. Qg4 Ne6 24. Rc1 f6 25. Bd3 Qb7 26. Red1 Ng5 27. h4 Nf7 28. Bb1 d6 29. Qe2 Re8 30. Bd3 b4 31. Bc4 f5 32. Bd5 Qb8 33. Bxa8 Qxa8 34. Qc4 fxe4 35. g3 Rd8 36. Qc2 Ne5 37. Bxe5 dxe5 38. Rxd8+ Bxd8 39. Qc4+ Kh8 40. Qxc5 Bf6 41. Qc8+ 1-0